 Dungeon Crawl Stone Soup version 0.23-a0-139-ga22e90c45f (webtiles) character file.

59 PikkenKukken the Chopper (level 3, 0/33 HPs)
             Began as a Minotaur Berserker on Aug 30, 2018.
             Was a Believer of Trog.
             Slain by Robin
             ... wielding a +0 short sword
              (3 damage)
             ... on level 2 of the Dungeon.
             The game lasted 00:01:59 (770 turns).

PikkenKukken the Chopper (Minotaur Berserker)        Turns: 770, Time: 00:01:59

Health: 0/33       AC:  2    Str: 22    XL:     3   Next: 78%
Magic:  2/2        EV: 12    Int:  4    God:    Trog [**....]
Gold:   29         SH:  0    Dex:  9    Spells: 2/2 levels left

rFire    . . .     SeeInvis .   a - +0 hand axe
rCold    . . .     Gourm    .   (no shield)
rNeg     . . .     Faith    .   b - +0 animal skin
rPois    .         Spirit   .   (helmet restricted)
rElec    .         Reflect  .   (no cloak)
rCorr    .         Harm     .   (no gloves)
MR       .....                  (no boots)
Stlth    +.........             (no amulet)
HPRegen  0.11/turn              (no ring)
MPRegen  0.08/turn              (no ring)

@: berserk cooldown, hasted and slowed
A: retaliatory headbutt, horns 2
a: Berserk, Trog's Hand, Renounce Religion


You were on level 2 of the Dungeon.
You worshipped Trog.
Trog was pleased with you.
You were hungry.

You visited 1 branch of the dungeon, and saw 2 of its levels.

You collected 29 gold pieces.

Inventory:

Hand Weapons
 a - a +0 hand axe (weapon)
Armour
 b - a +0 animal skin (worn)
Potions
 e - a potion of might {unknown}
 f - a potion of haste
 g - 2 potions of curing
Comestibles
 c - 2 rations
 d - 9 chunks of flesh


   Skills:
 + Level 4.1 Fighting
 * Level 4.6 Axes
 + Level 3.1 Armour
 + Level 2.8 Dodging


You had 2 spell levels left.
You didn't know any spells.
Your spell library was empty.

Dungeon Overview and Level Annotations

Branches:
Dungeon (2/15)

Altars:
Hepliaklqana
Trog
Uskayaw

Annotations:
D:2 Robin


Innate Abilities, Weirdness & Mutations

You reflexively headbutt those who attack you in melee.
You have a pair of horns on your head.


Message History

The frilled lizard unfolds its giant frill.
The frilled lizard misses you. You furiously retaliate!
You headbutt the frilled lizard. Robin misses you.
Your magical contamination has completely faded away.
It was a potion of haste.
You feel yourself speed up.
* * * LOW HITPOINT WARNING * * *
You feel sick.
The frilled lizard bites you but does no damage.
Robin's bangles clink loudly.
Robin hits you but does no damage.
It was a potion of curing.
You feel better. The frilled lizard bites you.
* * * LOW HITPOINT WARNING * * *
Robin hits you with a short sword.
* * * LOW HITPOINT WARNING * * *
You barely miss Robin.
Robin is lightly wounded.
You miss the frilled lizard. The frilled lizard bites you.
* * * LOW HITPOINT WARNING * * *
Robin hits you with a short sword.
You die...

#. .# #<##.##
#.#...## #......
#...g. #..#.# #
#..#)###.##
#.###.####g.(.......
#......)(@lK(.###.##
#####.#####...#####.#
#. #..(...$.# ##.##
#..######.# #...#
#.[# #...# #..###
####...####....#
#.........##.#.#####
#..................#


You could see Robin, a kobold and a frilled lizard.

Vanquished Creatures
  2 adders (D:2)
  A dart slug (D:1)
  A leopard gecko (D:1)
  13 goblins
  5 hobgoblins
  2 kobolds (D:1)
  A quokka (D:2)
  2 bats (D:2)
  2 frilled lizards (D:2)
  6 rats
35 creatures vanquished.

Vanquished Creatures (others)
  A goblin (D:2)
1 creature vanquished.

Grand Total: 36 creatures vanquished

Notes
Turn   | Place    | Note
-------+----------+-------------------------------------------
     0 | D:1      | PikkenKukken the Minotaur Berserker began the quest for the
                  | Orb.
     0 | D:1      | Reached XP level 1. HP: 19/19 MP: 0/0
    64 | D:1      | Reached XP level 2. HP: 18/27 MP: 1/1
   482 | D:2      | Found a hazy altar of Hepliaklqana.
   483 | D:2      | Found a hide-covered altar of Uskayaw.
   483 | D:2      | Found a bloodstained altar of Trog.
   641 | D:2      | Reached ** piety under Trog
   641 | D:2      | Reached XP level 3. HP: 27/33 MP: 2/2
   740 | D:2      | Noticed Robin
   770 | D:2      | Slain by Robin

Vault maps used:
D:1:      dpeg_arrival_simpleton_b
D:2:      minitemple, uniq_robin

Skill      XL: |  1  2  3 |
---------------+----------+-----
Axes           | 4 |  4.6
Fighting       | 4 |  4.1
Armour         | 3 |  3.1
Dodging        | |  2.8

Action                   || total
-------------------------++-------
Melee: Hand axe          ||    75
       Headbutt          ||     9
Invok: Berserk           ||     1
  Use: Scroll            ||     5
       Potion            ||     2
Armor: Animal skin       ||    18
Dodge: Dodged            ||    59

Table legend:
 A = Non-vault XP
 B = Vault XP
 C = Vault XP percentage of total XP
 D = Non-vault monster count
 E = Vault monster count
 F = Vault count percentage of total count
                 A         B        C        D         E       F
            +---------+---------+-------+---------+---------+-------
      Total |      65 |      20 |  23.5 |      25 |      11 |  30.6
            +---------+---------+-------+---------+---------+-------
        D:1 |      29 |       0 |   0.0 |      16 |       0 |   0.0
        D:2 |      36 |      20 |  35.7 |       9 |      11 |  55.0
            +---------+---------+-------+---------+---------+-------
